 Dungeon Crawl Stone Soup version 0.29.1-1-gd02db6906a (webtiles) character file.

Game seed: 11327547039675798813

2086 Orsonium the Chiller (level 9, -16/100 HPs)
             Began as a Pale Draconian Ice Elementalist on Sept 20, 2022.
             Demolished by an ogre
             ... wielding a +0 giant spiked club
              (20 damage)
             ... on level 7 of the Dungeon on Sept 21, 2022.
             The game lasted 00:33:26 (10081 turns).

Orsonium the Chiller (DrIE)                        Turns: 10081, Time: 00:33:28

Health: -16/100    AC: 24    Str: 11    XL:     9   Next: 6%
Magic:  23/28      EV:  2    Int: 20    God:
Gold:   317        SH:  0    Dex: 11    Spells: 20/21 levels left

rFire   . . .      SeeInvis .   o - +3 quarterstaff (chaos)
rCold   . . .      Faith    .   (shield currently unavailable)
rNeg    . . .      Spirit   .   (body armour unavailable)
rPois   +          Reflect  .   (helmet currently unavailable)
rElec   .          Harm     .   (cloak currently unavailable)
rCorr   .          Rampage  .   (gloves currently unavailable)
Will    +....      NoTele   +   (boots currently unavailable)
Stlth   ++........              (no amulet)
HPRegen 0.26/turn               j - ring of willpower
MPRegen 0.21/turn               l - ring of magical power

@: lethally poisoned (-16 -> -19), tree-form
A: stationary, stasis, torment immunity, boosted hp, (breathe steam), AC +7,
unfitting armour, (cold-blooded), (steam resistance)
a: no special abilities


You were on level 7 of the Dungeon.
You were a tree.
You visited 1 branch of the dungeon, and saw 7 of its levels.

You collected 317 gold pieces.

Inventory:

Hand Weapons
 f - a +2 dagger of flaming
 o - a +3 quarterstaff of chaos (weapon)
 w - the +6 mace of Ragnarok {antimagic, rElec rPois}
   (You found it on level 4 of the Dungeon)

   It reduces the magical energy of the wielder, and disrupts the spells and
   magical abilities of those it strikes.
   Natural abilities and divine invocations are not affected.
   rElec:     It insulates you from electricity.
   rPois:     It protects you from poison.
Armour
 p - a +0 cloak (melded)
 x - a +0 pair of gloves (melded)
 A - a +0 pair of boots (melded)
Jewellery
 j - a ring of willpower (left branch)
 l - a ring of magical power (right branch)
Wands
 d - a wand of mindburst (12)
 n - a wand of flame (72)
Scrolls
 b - 9 scrolls of identify
 c - a scroll of fog
 e - 4 scrolls of teleportation
 k - 5 scrolls of poison
 q - 3 scrolls of enchant armour
 t - 2 scrolls of noise {unknown}
 u - a scroll of enchant weapon {unknown}
 v - a scroll of blinking {unknown}
 y - a scroll of immolation {unknown}
 z - a scroll of torment {unknown}
Potions
 a - 2 potions of magic
 g - a potion of lignification
 h - 2 potions of ambrosia
 i - 2 potions of cancellation
 m - 3 potions of degeneration {unknown}
 r - 2 potions of haste {unknown}
 s - 3 potions of flight {unknown}


   Skills:
 + Level 1.9 Fighting
 - Level 2.3 Short Blades
 * Level 4.8 Staves
 + Level 3.1 Dodging
 - Level 1.7 Stealth
 + Level 6.9 Spellcasting
 + Level 7.7 Ice Magic
 + Level 0.3 Evocations


You had 20 spell levels left.
You knew the following spells:

 Your Spells              Type           Power      Damage    Failure   Level
a - Freeze                Ice            100%       1d11      1%          1

Your spell library contained the following spells:

 Spells                   Type           Power      Damage    Failure   Level
 Frozen Ramparts          Ice            74%        1d12      1%          3
 Ozocubu's Armour         Ice            37%        N/A       1%          3
 Beastly Appendage        Tmut           12%        N/A       10%         1
 Slow                     Hex            24%        N/A       10%         1
 Blink                    Tloc           12%        N/A       14%         2
 Wereblood                Tmut           6%         N/A       14%         2
 Hailstorm                Conj/Ice       22%        3d7       19%         4
 Confusing Touch          Hex            6%         N/A       28%         3
 Inner Flame              Hex/Fire       6%         N/A       28%         3
 Lesser Beckoning         Tloc           6%         N/A       28%         3
 Spider Form              Tmut/Pois      6%         N/A       28%         3
 Vampiric Draining        Necr           6%         2d6       28%         3
 Cause Fear               Hex            3%         N/A       67%         4
 Iskenderun's Mystic Bla  Conj/Tloc      6%         2d4       67%         4
 Manifold Assault         Tloc           6%         N/A       95%         5
 Iron Shot                Conj/Erth      3%         9d2       100%        6
 Discord                  Hex            3%         N/A       100%        8
 Lehudib's Crystal Spear  Conj/Erth      3%         10d2      100%        8


Dungeon Overview and Level Annotations

Branches:
Dungeon (7/15)             Temple (0/1) D:7

Altars:
Ashenzari
Nemelex Xobeh
Uskayaw
Zin

Shops:
D:2 ==*(

Annotations:
D:6 2 transporters
D:7 2 transporters, GigaChad's ghost, novice MiFi


Innate Abilities, Weirdness & Mutations

You are a tree.
Your roots penetrate the ground, keeping you stationary.
You cannot be teleported.
You are immune to unholy pain and torment.
Your maximum health is greatly increased.
Your equipment is partially melded.
((You can breathe blasts of scalding, opaque steam.))
((Your pale cyan-grey scales are hard. (AC +7)))
You cannot fit into any form of body armour.
((You are cold-blooded and may be slowed by cold attacks.))
((You are immune to the effects of steam.))


Message History

The killer bee closely misses you.
The ogre hits you with a +0 giant spiked club!
The killer bee barely misses you. x2
As you read the scroll of teleportation, it crumbles to dust.
You feel strangely unstable.
You feel very sick. The killer bee barely misses you.
The killer bee stings you but does no damage.
The killer bee barely misses you.
The killer bee stings you but does no damage.
The ogre hits you with a +0 giant spiked club!
* * * LOW HITPOINT WARNING * * *
Unknown command.
Unknown command.
Unknown command.
Unknown command.
It was a potion of lignification.
You turn into a tree.
Your +0 cloak melds into your body.
Your +0 pair of gloves melds into your body.
Your +0 pair of boots melds into your body.
Your roots penetrate the ground.
You feel strangely stable.
You feel sick.
The killer bee stings you but does no damage.
The killer bee completely misses you.
The killer bee stings you but does no damage. x2
Sorry, you're not good enough to have a special ability.
Sorry, you're not good enough to have a special ability.
You hit the ogre.
The ogre is poisoned.
The ogre is lightly wounded.
You feel sick.
The killer bee stings you but does no damage. x2
The ogre hits you with a +0 giant spiked club!
* * * LOW HITPOINT WARNING * * *
The killer bee stings you but does no damage. x2
You sock the killer bee!
You kill the killer bee!
* * * LOW HITPOINT WARNING * * *
You feel sick.
The killer bee stings you but does no damage.
The ogre hits you with a +0 giant spiked club!!
You die...

#.....# .###.
.+>#. y ### #.
... #.. #'#
.#..###O#
......y♣#
####..#y# ##
####...# #.
#.###..# .
.?##..# y
...###..# ###y.#
### #...# #...#
!.#.#.###.##
..#..###..#yW##.#


You could see an ogre (very poisoned) and 2 killer bees.

Vanquished Creatures
  Eustachio (D:4)
  An ice beast (D:6)
  2 orc warriors (D:7)
  A sky beast (D:6)
  2 black bears
  An ogre (D:6)
  A centaur (D:6)
  A phantom (D:5)
  A bullfrog (D:6)
  A necrophage (D:6)
  2 scorpions
  2 killer bees (D:7)
  A howler monkey (D:6)
  An orc priest (D:7)
  4 hounds
  6 jellies
  Crazy Yiuf (D:3)
  Ijyb (D:4)
  3 iguanas
  3 orc wizards
  13 adders
  3 gnolls (D:5)
  A shadow imp (D:6)
  A white imp (D:5)
  2 ufetubi
  3 dart slugs (D:1)
  14 orcs
  12 endoplasms
  A giant cockroach (D:1)
  5 hobgoblins
  7 quokkas
  6 ball pythons
  7 bats
  4 frilled lizards
  9 goblins
  5 kobolds
  4 rats
133 creatures vanquished.

Vanquished Creatures (collateral kills)
  A rat (D:3)
1 creature vanquished.

Vanquished Creatures (others)
  An orc wizard (D:7)
  A rat zombie (D:3)
  2 plants (D:7)
4 creatures vanquished.

Grand Total: 138 creatures vanquished

Notes
Turn   | Place    | Note
-------+----------+-------------------------------------------
     0 | D:1      | Orsonium the Draconian Ice Elementalist began the quest for
                  | the Orb.
     0 | D:1      | Reached XP level 1. HP: 14/14 MP: 3/3
   526 | D:1      | Reached XP level 2. HP: 17/20 MP: 5/5
  1228 | D:1      | Reached skill level 1 in Short Blades
  1613 | D:2      | Reached XP level 3. HP: 13/26 MP: 6/6
  1790 | D:2      | Found Gietz's Antique Weapon Emporium.
  1881 | D:2      | Found Firocel's Jewellery Shoppe.
  1887 | D:2      | Found Nawolywu's Jewellery Boutique.
  1946 | D:2      | Found Liate's Assorted Antiques.
  3131 | D:3      | Reached XP level 4. HP: 34/34 MP: 7/7
  3419 | D:3      | Found a runed translucent door.
  3420 | D:3      | Noticed Crazy Yiuf
  3429 | D:3      | Killed Crazy Yiuf
  3896 | D:3      | Reached XP level 5. HP: 34/39 MP: 9/9
  4225 | D:4      | Reached skill level 1 in Staves
  4401 | D:4      | Noticed Eustachio
  4449 | D:4      | Killed Eustachio
  4450 | D:4      | Reached skill level 1 in Fighting
  4450 | D:4      | Reached skill level 5 in Ice Magic
  4450 | D:4      | Reached XP level 6. HP: 11/47 MP: 11/11
  4820 | D:4      | Noticed Ijyb
  4831 | D:4      | Killed Ijyb
  5141 | D:4      | Found a glowing silver altar of Zin.
  5229 | D:4      | Identified the +6 mace of Ragnarok {antimagic, rElec rPois}
  5474 | D:4      | Got Zumoloif's Guidebook on Damage Dealing
  5710 | D:5      | Entered Level 5 of the Dungeon
  5794 | D:5      | Your scales start taking on a pale cyan-grey colour.
  5794 | D:5      | Reached XP level 7. HP: 43/52 MP: 13/13
  5794 | D:5      | Gained mutation: You are immune to the effects of steam.
                  | [Pale Draconian growth]
  6386 | D:5      | Reached skill level 6 in Ice Magic
  6696 | D:5      | Reached skill level 5 in Spellcasting
  7070 | D:5      | Found a hide-covered altar of Uskayaw.
  7341 | D:6      | Found a transporter.
  7341 | D:6      | Noticed a kobold demonologist
  7600 | D:6      | Found a transporter.
  7658 | D:6      | Reached XP level 8. HP: 49/59 MP: 16/16
  8497 | D:6      | Reached skill level 7 in Ice Magic
  9497 | D:7      | Found a sparkling altar of Nemelex Xobeh.
  9535 | D:7      | Found a broken altar of Ashenzari.
  9834 | D:7      | Reached XP level 9. HP: 48/67 MP: 19/19
 10031 | D:7      | Found a transporter.
 10035 | D:7      | Found a transporter.
 10043 | D:7      | Noticed GigaChad's ghost (novice MiFi)
 10067 | D:7      | Found a staircase to the Ecumenical Temple.
 10080 | D:7      | HP: 5/100 [ogre/+0 giant spiked club (10)]
 10081 | D:7      | Demolished by an ogre

Illustrated notes

Levels and vault maps discovered:
D:1:      dpeg_arrival_court, layout_loops_ring, corexii_hall_statues_x,
          st_stairs_8, serial_park_tiny_pond, minmay_misc_feat_tower
D:2:      layout_basic, serial_shops, shop, shop, nicolae_shop_hallway_plus,
          nicolae_shop_advertising_works [nicolae_subvault_shop_adworks]
D:3:      minmay_chambers_of_threes, layout_loops_ring,
          guppyfry_early_lair_pool, uniq_crazy_yiuf_cottage
D:4:      layout_loops_ring, mainiacjoe_overflow_small_starburst,
          uniq_eustachio, uniq_ijyb
D:5:      layout_loops_ring, nicolae_uskayaw_dance_hall,
          kennysheep_generic_room_10
D:6:      gammafunk_wand_slinger, layout_basic
D:7:      layout_rooms, mainiacjoe_overflow_big_doors,
          minmay_temple_entry_glassed_door, gammafunk_ghost_hive

Skill      XL: |  1  2  3  4  5  6  7  8 |
---------------+-------------------------+-----
Dodging        | 2 3 |  3.1
Short Blades   | 1 2 |  2.3
Spellcasting   | 3 4 5 6 |  6.9
Staves         | 2 3 4 |  4.8
Fighting       | 1 |  1.9
Ice Magic      | 5 6 7 |  7.7
Stealth        | |  1.7
Evocations     | |  0.3

Action                   |  1- 3 |  4- 6 |  7- 9 || total
-------------------------+-------+-------+-------++-------
Melee: Dagger            |    56 |       |       ||    56
       Unarmed           |     4 |       |       ||     4
       Tailslap          |    12 |     3 |     5 ||    20
       Punch             |     1 |       |       ||     1
       Quarterstaff      |       |    18 |    49 ||    67
 Cast: Freeze            |    40 |    72 |   140 ||   252
 Abil: Breathe Steam     |       |       |     6 ||     6
Evoke: Wand              |       |     6 |       ||     6
  Use: Scroll            |       |     5 |     1 ||     6
       Potion            |       |     1 |     3 ||     4
 Stab: Sleeping          |     1 |     2 |     2 ||     5
Armor: Skin              |    27 |    33 |    77 ||   137
Dodge: Dodged            |    60 |    39 |   107 ||   206
